 Dungeon Crawl Stone Soup version 0.27.0-1-g7a089689b8 (webtiles) character file.

Game seed: 12724758460233168027

27 Leeroy the Slasher (level 3, -2/28 HPs)
             Began as a Djinni Warper on Aug 6, 2021.
             Slain by an adder (3 damage)
             ... on level 1 of the Dungeon.
             The game lasted 00:01:45 (1463 turns).

Leeroy the Slasher (Djinni Warper)                  Turns: 1463, Time: 00:01:45

Health: -2/28      AC:  3    Str: 10    XL:     3   Next: 25%
Gold:   39         EV: 11    Int: 15    God:
                   SH:  0    Dex: 12

rFire    + + .     SeeInvis .   i - +0 rapier
rCold    x . .     Faith    .   (no shield)
rNeg     . . .     Spirit   .   b - +0 leather armour
rPois    ∞         Reflect  .   (no helmet)
rElec    .         Harm     .   (no cloak)
rCorr    .         Rampage  .   (no gloves)
Will     .....                  (boots unavailable)
Stlth    +.........             (no amulet)
HPRegen  0.09/turn              (no ring)
MPRegen  0.00/turn              (no ring)

@: flying
A: sickness immunity, fire resistance 2, cold vulnerability 1, float, innate
caster, hp casting, extra vitality 1
a: no special abilities


You were on level 1 of the Dungeon.
You visited 1 branch of the dungeon, and saw 2 of its levels.

You collected 39 gold pieces.

Inventory:

Hand Weapons
 a - a +0 falchion
 i - a +0 rapier (weapon)
Missiles
 d - 5 boomerangs of dispersal
 f - 17 poisoned darts
Armour
 b - a +0 leather armour (worn)
Scrolls
 c - a scroll of blinking
 e - a scroll of noise {unknown}
 h - a scroll of teleportation {unknown}
Potions
 g - a potion of attraction {unknown}


   Skills:
 - Level 2.0 Fighting
 - Level 2.8 Long Blades
 - Level 0.7 Throwing
 - Level 1.0 Armour
 - Level 2.1 Dodging
 + Level 2.6 Spellcasting


You couldn't memorise any spells.
You knew the following spells:

 Your Spells              Type           Power      Damage    Failure   Level
a - Blink                 Tloc           N/A        N/A       14%         2
b - Lesser Beckoning      Tloc           5%         N/A       28%         3
c - Gell's Gravitas       Tloc           5%         N/A       28%         3
d - Teleport Other        Tloc           10%        N/A       28%         3
e - Manifold Assault      Tloc           10%        N/A       95%         5
f - Apportation           Tloc           20%        N/A       10%         1
Your spell library was empty.

Dungeon Overview and Level Annotations

Branches:
Dungeon (2/15)

Altars:

Annotations:
D:2 Terence


Innate Abilities, Weirdness & Mutations

You are immune to sickness and miasma.
You are immune to poison.
Your flesh is very heat resistant. (rF++)
You are vulnerable to cold. (rC-)
You float through the air rather than walking.
You learn spells naturally, not from books.
Your magical power is your life essence.
You have superior vitality. (+4 HP)


Message History

* * * LOW HITPOINT WARNING * * *
The frilled lizard bites you.
* * * LOW HITPOINT WARNING * * *
Found a pink potion.
A goblin comes into view. It is wielding a +0 dagger.
The goblin moves out of view.
Found two stone staircases leading up.
The goblin hits you but does no damage. The goblin barely misses you.
A kobold comes into view. It is wielding a +0 club.
The kobold shouts!
The goblin hits you but does no damage.
There is a stone staircase leading up here.
There is a stone staircase leading up here.
The goblin completely misses you. The adder barely misses you.
The frilled lizard barely misses you.
You fly upwards.
There is a stone staircase leading down here.
The adder misses you. The adder bites you but does no damage.
The goblin hits you with a +0 dagger.
* * * LOW HITPOINT WARNING * * *
Casting: Blink (safe; 14% risk of failure)
Confirm with . or Enter, or press ? or * to list all spells.
Okay, then.
You hit the adder.
The adder is moderately wounded.
The adder bites you.
* * * LOW HITPOINT WARNING * * *
The adder closely misses you.
Okay, then.
Blink to where?
Press: ? - help, Dir - move target
As you read the scroll of blinking, it crumbles to dust.
Casting: Blink (safe; 14% risk of failure)
Confirm with . or Enter, or press ? or * to list all spells.
You blink.
* * * LOW HITPOINT WARNING * * *
The adder closely misses you. The adder bites you.
You die...

###### #.......# #....# .....#
#.......# #....# # .....#
###.......# #....# # .....#
#.........#######...)###
.....#####.......####............
.................# #....########
....#.#.(......>.# #....# #
....#.#.#.......S####....# #
....#.#.#.......@##......# #####
#####.###l.g.....##......# #....
#............##......# #....
#.g#########.........# #....
#####.....# ########### #....
#......##.# ########....
#.#######.###### #........... ..#
#.......# #........... ..#
#.......# #...........


You could see an adder, a goblin and a frilled lizard.

Vanquished Creatures
  2 goblins (D:1)
  3 hobgoblins (D:1)
  4 jackals (D:1)
  2 quokkas (D:1)
  3 ball pythons (D:1)
  3 bats (D:1)
  A frilled lizard (D:1)
  4 kobolds (D:1)
  2 rats (D:1)
24 creatures vanquished.

Notes
Turn   | Place    | Note
-------+----------+-------------------------------------------
     0 | D:1      | Leeroy the Djinni Warper began the quest for the Orb.
     0 | D:1      | Reached XP level 1. HP: 18/18 MP: 0/0
   375 | D:1      | Reached XP level 2. HP: 22/23 MP: 0/0
   595 | D:1      | Found a faded altar of an unknown god.
   651 | D:1      | Reached XP level 3. HP: 21/28 MP: 0/0
   651 | D:1      | Learned a level 1 spell: Apportation
  1409 | D:2      | Noticed Terence
  1443 | D:1      | HP: 1/28 [adder (4)]
  1463 | D:1      | Slain by an adder

Illustrated notes

Levels and vault maps discovered:
D:1:      nicolae_arrival_washed_ashore, layout_basic,
          hellmonk_ecumenical_altar_dog_temple
D:2:      cheibrodos_fertilizer, layout_rooms, serial_forest,
          infiniplex_forest_straight_1, infiniplex_forest_lined_room_,
          infiniplex_forest_corner_1, infiniplex_forest_end_1,
          infiniplex_forest_lined_corner, infiniplex_forest_3_way,
          infiniplex_forest_zigzag_1, infiniplex_forest_clump_curved,
          small_statue_intersection, uniq_terence, uniq_sigmund, uniq_natasha

Skill      XL: |  1 |
---------------+----+-----
Long Blades    | 2 |  2.8
Fighting       | |  2.0
Throwing       | |  0.7
Armour         | |  1.0
Dodging        | |  2.1
Spellcasting   | |  2.6

Action                   || total
-------------------------++-------
Melee: Falchion          ||    55
       Rapier            ||    43
 Cast: Blink             ||     2
  Use: Scroll            ||     1
Armor: Leather armour    ||    43
Dodge: Dodged            ||    84
       Rpst.: Falchion   ||     8
